 Dungeon Sprint DCSS version 0.30-a0-634-g8abc85282e (webtiles) character file.

Game seed: 11766708319733769533

575 jt the Fetichist (level 7, -1/48 HPs)
             Began as a Formicid Artificer on Jan 14, 2023.
             Slain by a scorpion (6 damage)
             ... in the Dungeon (Sprint II: "The Violet Keep of Menkaure").
             The game lasted 00:02:32 (151 turns).

jt the Fetichist (Formicid Artificer)                Turns: 151, Time: 00:02:33

Health: -1/48      AC:  4    Str: 18    XL:     7   Next: 61%
Magic:  7/7        EV: 11    Int: 11    God:
Gold:   490        SH:  0    Dex: 14    Spells: 6/6 levels left

rFire   . . .      SeeInvis +    q - +0 trident
rCold   . . .      Faith    .    (no shield)
rNeg    . . .      Spirit   .    b - +0 leather armour
rPois   .          Reflect  .    (helmet unavailable)
rElec   .          Harm     .    (no cloak)
rCorr   .          Rampage  .    (no gloves)
Will    .....                    p - +0 pair of boots {Stlth+}
Stlth   ++                       (no amulet)
HPRegen 0.28/turn                (no ring)
MPRegen 0.10/turn                (no ring)

@: lethally poisoned (-1 -> -5)
A: permanent stasis, dig shafts and tunnels, antennae 3, four strong arms
a: Dig


You were in the Dungeon.
You visited 1 branch You collected 729 gold pieces.
You spent 239 gold pieces at shops.

Inventory:

Hand Weapons
 a - a +0 club
 q - a +0 trident (weapon)
Armour
 b - a +0 leather armour (worn)
 p - a +0 pair of boots of stealth (worn)
Wands
 c - a wand of flame (13) (quivered)
 d - a wand of charming (13)
 e - a wand of iceblast (2)
Scrolls
 k - a scroll of blinking
 l - a scroll of amnesia {unknown}
 m - a scroll of vulnerability {unknown}
Potions
 f - a potion of curing
 g - a potion of heal wounds
 h - a potion of haste
 i - 2 potions of magic
 j - a potion of berserk rage
 n - a potion of degeneration {unknown}
 o - a potion of flight {unknown}


   Skills:
 - Level 1.1 Fighting
 - Level 2.1 Armour
 - Level 0.8 Dodging
 - Level 1.2 Stealth
 + Level 16.7 Evocations


You had 6 spell levels left.
You didn't know any spells.
Your spell library was empty.

Dungeon Overview and Level Annotations

Branches:
Dungeon (1/1)

Altars:

Shops:
D [*:!==(*([[:!?[

Annotations:
D exclusions: ice statue and oklob plant


Innate Abilities, Weirdness & Mutations

You cannot be hasted, slowed, berserked, paralysed or teleported.
You can dig through walls and to a lower floor.
You have a pair of large antennae on your head. (SInv)
Your four strong arms can wield two-handed weapons with a shield.


Message History

The scorpion poisons you! The scorpion barely misses you.
You barely miss the scorpion.
The scorpion is heavily wounded.
You feel very sick. The scorpion closely misses you. x2
You hit the scorpion.
The scorpion is severely wounded.
You feel very sick. The scorpion barely misses you.
You closely miss the scorpion.
The scorpion is severely wounded.
You feel sick.
The scorpion stings you but does no damage.
The scorpion closely misses you.
You barely miss the scorpion.
The scorpion is severely wounded.
You feel sick. The scorpion stings you.
You are more poisoned.
The scorpion poisons you!
You closely miss the scorpion.
The scorpion is severely wounded.
You feel very sick. The scorpion stings you. The scorpion closely misses you.
You are too injured to fight recklessly!
You are too injured to fight recklessly!
You closely miss the scorpion.
The scorpion is severely wounded.
You feel very sick. The scorpion stings you.
* * * LOW HITPOINT WARNING * * *
The scorpion stings you!
* * * LOW HITPOINT WARNING * * *
Aiming: Throw Flame
Press: ? - help, Shift-Dir - straight line, f - scorpion
Aim: a scorpion (heavily wounded, 78% to hit)
The puff of flame hits the scorpion.
The scorpion is severely wounded.
* * * LOW HITPOINT WARNING * * *
You feel sick. The scorpion stings you.
You die...

##.∩...∩..#~~####.#.## #
##∩.∩.∩.∩.#~##.###†## .##
##.∩...∩.∩#~##..##.##.B.#
##∩.....∩.'~'.##'†<.+#
##.......∩#~##..##.##$B.#
#▓▓▓▓▓▓▓###~##.###'## .##
##?.$######~~####...## #
#$.Z#D! ##~~~#..#..#
#∩PZ+.$# #@#~##...##
#[.!#!##§##s#~~##'##
#[$.###≈≈≈### ~~~~~
##+###≈≈§≈ ++#++ { S§≈ {
§≈§{ { { ≈S≈≈ { SS≈≈≈


You could see a scorpion.

Vanquished Creatures
  A wyvern (D)
  Menkaure (D)
  3 scorpions (D)
5 creatures vanquished.

Vanquished Creatures (collateral kills)
  A wyvern (D)
1 creature vanquished.

Vanquished Creatures (others)
  A merfolk siren (D)
  A scorpion (D)
2 creatures vanquished.

Grand Total: 8 creatures vanquished

Notes
Turn   | Place    | Note
-------+----------+-------------------------------------------
     0 | D        | jt the Formicid Artificer began the quest for the Orb.
     0 | D        | Reached XP level 1. HP: 15/15 MP: 1/1
     1 | D        | Noticed a wyvern
     1 | D        | Noticed a wyvern
     4 | D        | Noticed a boulder beetle
     4 | D        | Noticed a boulder beetle
     7 | D        | Noticed a merfolk siren
    10 | D        | Noticed a scorpion
    10 | D        | Noticed a scorpion
    10 | D        | Noticed a scorpion
    10 | D        | Noticed a scorpion
    20 | D        | Killed a scorpion
    21 | D        | Reached skill level 8 in Evocations
    21 | D        | Reached XP level 2. HP: 21/21 MP: 2/2
    21 | D        | Reached XP level 3. HP: 26/26 MP: 3/3
    21 | D        | Reached XP level 4. HP: 32/32 MP: 4/4
    21 | D        | Killed a scorpion
    21 | D        | Killed a scorpion
    22 | D        | Reached skill level 12 in Evocations
    22 | D        | Reached XP level 5. HP: 37/37 MP: 5/5
    29 | D        | Found Abbur's Antique Armour Shop.
    29 | D        | Found Wikir's Magic Scroll Boutique.
    29 | D        | Found Kyogunow's Antique Armour Shop.
    29 | D        | Found Caply's Book Shop.
    29 | D        | Found Nihaps's Weapon Boutique.
    29 | D        | Found Yzigi's Antique Armour Boutique.
    29 | D        | Found Doeqinup's General Store.
    31 | D        | Found Tisan's Distillery.
    31 | D        | Found Gytimura's Antique Weapon Shop.
    31 | D        | Found Quorphuno's Jewellery Boutique.
    33 | D        | Found Puit Cuv's Jewellery Shop.
    33 | D        | Found Baxonar's Distillery.
    33 | D        | Noticed Menkaure
    33 | D        | Noticed a slime creature
    33 | D        | Noticed a slime creature
    33 | D        | Noticed a slime creature
    33 | D        | Noticed an oklob plant
    36 | D        | Killed Menkaure
    37 | D        | Reached skill level 14 in Evocations
    37 | D        | Reached XP level 6. HP: 37/43 MP: 6/6
    37 | D        | Found Dovvi's Assorted Antiques.
    37 | D        | Found Otoeneeth's Armour Boutique.
    37 | D        | Found Hixekk's Book Shoppe.
    48 | D        | Noticed a fire dragon
    53 | D        | Bought a scroll labelled WAYREM HIRGHE for 22 gold pieces
    53 | D        | Bought a scroll labelled XAARO GIRE for 22 gold pieces
    53 | D        | Bought a metallic ruby potion for 19 gold pieces
    53 | D        | Bought a cyan potion for 19 gold pieces
    60 | D        | Bought a pair of runed boots for 157 gold pieces
    82 | D        | Killed a wyvern
    83 | D        | Reached skill level 15 in Evocations
    83 | D        | Reached XP level 7. HP: 48/48 MP: 7/7
    89 | D        | Killed a wyvern
    90 | D        | Reached skill level 16 in Evocations
   112 | D        | Noticed an ice statue
   151 | D        | Slain by a scorpion

Illustrated notes

Levels and vault maps discovered:
D:        the_violet_keep_of_menkaure [sprint2_stairs_cluster_1,
          sprint2_shoproom, sprint2_temple, sprint2_basic_supplies,
          sprint2_obstacle_7, sprint2_obstacle_6, sprint2_obstacle_2,
          sprint2_obstacle_5, sprint2_obstacle_1, sprint2_timed_cluster_1,
          sprint2_smallroom_cluster_1, sprint2_smallroom_final_cluster_1,
          sprint2_transparent_cluster_1, sprint2_second_timed_cluster_1,
          sprint2_sniper_area_1, sprint2_heavy_combat_area_1,
          sprint2_mutation_trap_area_1, sprint2_forest_area_1,
          sprint2_light_combat_area_1, sprint2_behind_water_1,
          sprint2_near_end_vault_1]

Skill      XL: |  1  2  3  4  5  6  7 |
---------------+----------------------+-----
Evocations     | 8 12 14 15 16 | 16.7
Fighting       | |  1.1
Armour         | |  2.1
Dodging        | |  0.8
Stealth        | |  1.2

Action                   |  1- 3 |  4- 6 |  7- 9 || total
-------------------------+-------+-------+-------++-------
Melee: Trident           |       |       |     9 ||     9
Evoke: Wand              |     2 |     3 |     2 ||     7
 Stab: Sleeping          |       |       |     1 ||     1
Armor: Leather armour    |       |     1 |     2 ||     3
Dodge: Dodged            |       |       |     7 ||     7

Table legend: (Time is in decaauts)
 A = Elapsed time spent in this place.
 B = Non-inter-level travel time spent in this place.
 C = Inter-level travel time spent in this place.
 D = Time resting spent in this place.
 E = Time spent auto-exploring this place.
 F = Levels seen in this place.
 G = Mean time per level.
                   A        B        C        D        E       F      G
               +--------+--------+--------+--------+--------+-----+--------+
         Total |    156 |    150 |      6 |      0 |      0 |   1 |  156.0 |
       Dungeon |    156 |    150 |      6 |      0 |      0 |   1 |  156.0 |
               +--------+--------+--------+--------+--------+-----+--------+

Top non-repeatable levels by time:
       D: 156 daAuts
